 Dungeon Crawl Stone Soup version 0.23-a0-54-gae6112e (webtiles) character file.

3655 topirishpotato the Cruncher (level 9, -1/68 HPs)
             Began as a Demonspawn Gladiator on Aug 8, 2018.
             Was a Follower of Ashenzari.
             Slain by an ogre
             ... wielding a +0 giant spiked club
              (19 damage)
             ... on level 7 of the Dungeon.
             The game lasted 00:19:20 (7474 turns).

topirishpotato the Cruncher (Demonspawn Gladiator)  Turns: 7474, Time: 00:19:21

Health: -1/68      AC: 12    Str: 18    XL:     9   Next: 88%
Magic:  15/15      EV: 13    Int:  9    God:    Ashenzari [*.....]
Gold:   229        SH:  0    Dex: 21    Spells: 15/16 levels left

rFire    . . .     SeeInvis .   a - +2 quarterstaff
rCold    . . .     Gourm    +   (shield currently unavailable)
rNeg     . . .     Faith    .   j - +0 ring mail (curse)
rPois    .         Spirit   .   c - +2 helmet (curse)
rElec    .         Reflect  .   (no cloak)
rCorr    .         Harm     .   e - +0 pair of gloves
MR       .....                  g - +0 pair of boots (curse)
Stlth    +.........             u - amulet of the gourmand
HPRegen  0.21/turn              r - +2 ring of strength
MPRegen  0.14/turn              v - +4 ring of dexterity

@: marked, berserk cooldown, slowed, very slow
A: claws 1, demonic guardian 1, foul stench 1, rot immunity
a: Curse Item, Scrying, Renounce Religion


You were on level 7 of the Dungeon.
You worshipped Ashenzari.
Ashenzari was aware of your devotion.
You were not hungry.

You visited 2 branches of the dungeon, and saw 8 of its levels.

You collected 229 gold pieces.

Inventory:

Hand Weapons
 a - a +2 quarterstaff (weapon)
Missiles
 d - 2 throwing nets (quivered)
 l - 114 arrows
 m - 169 stones
Armour
 c - a cursed +2 helmet (worn)
 e - a +0 pair of gloves (worn)
 g - a cursed +0 pair of boots (worn)
 j - a cursed +0 ring mail (worn)
Jewellery
 r - a +2 ring of strength (left hand)
 u - an amulet of the gourmand (around neck)
 v - a +4 ring of dexterity (right hand)
 y - an uncursed ring of stealth
Wands
 h - a wand of random effects (25)
 w - a wand of iceblast (12)
 z - a wand of polymorph (14)
Scrolls
 b - a scroll of blinking
 i - 3 scrolls of identify
 q - 2 scrolls of teleportation
 t - a scroll of fear
 x - a scroll of silence {unknown}
 B - 3 scrolls of magic mapping
 D - a scroll of immolation {unknown}
Potions
 k - 3 potions of lignification
 o - a potion of agility
 p - a potion of ambrosia {unknown}
 A - a potion of brilliance {unknown}
 C - a potion of might {unknown}
 E - a potion of curing {unknown}
Comestibles
 f - 11 rations


   Skills:
 + Level 5.2 Fighting
 + Level 8.3 Staves
 + Level 1.8 Throwing
 * Level 6.5 Armour
 - Level 3.5 Dodging
 - Level 0.6 Stealth
 * Level 4.0 Spellcasting
 * Level 4.5 Conjurations


You had 15 spell levels left.
You knew the following spells:

 Your Spells              Type           Power        Failure   Level  Hunger
a - Magic Dart            Conj           #...         7%          1    #......

Your spell library contained the following spells:

 Spells                   Type           Power        Failure   Level  Hunger
 Iskenderun's Mystic Bla  Conj           #.......     56%         4    #####..
 Fulminant Prism          Conj/Hex       #.........   87%         4    #####..
 Dazzling Spray           Conj/Hex       #.....       47%         3    ###....
 Force Lance              Conj/Tloc      #.......     87%         4    #####..
 Searing Ray              Conj           #.....       11%         2    ###....


Dungeon Overview and Level Annotations

Branches:
Dungeon (7/15)             Temple (1/1) D:4

Altars:
Ashenzari
Cheibriados
Dithmenos
Fedhas
Gozag
Hepliaklqana
Kikubaaqudgha
Makhleb
Nemelex Xobeh
Okawaru
Qazlal
Ru
Sif Muna
Trog
Uskayaw
Vehumet
Wu Jian
Xom
Zin
The Shining One


Innate Abilities, Weirdness & Mutations

You have sharp fingernails.
A weak demonic guardian rushes to your aid.
You may emit foul miasma when damaged in melee.
You are immune to rotting.


Message History

The iguana closely misses you. The iguana bites you!
You sock the iguana!
The iguana is heavily wounded.
The iguana closely misses you.
You hit the iguana but do no damage.
The iguana is heavily wounded.
The iguana misses you.
You thump the iguana!
You kill the iguana!
An ogre comes into view. It is wielding a giant spiked club.
Your shadow imp disappears in a puff of smoke!
The ogre hits you with a giant spiked club.
You hit the ogre but do no damage.
The ogre hits you with a giant spiked club!
* * * LOW HITPOINT WARNING * * *
You thump the ogre!
The ogre is moderately wounded.
Your ufetubus hits the ogre. x2
The ogre hits you with a giant spiked club!!
You die...

*,,,,,,************####
***,,,,,,,,..,,,,,##...
*,,,,,,,...######>.⌠.
*********###.#.#.#.##...
*,,,,,,,,..##.#.#.#.####
##,*******#.#.#.#.#.#.#.#
#..,* #.##.#.#.#.#.#.
#!..#######.#.#.#.#.#.#.#
#....)..@5#.##.#.#.#.#.#.
#...!####O#...#.#.#.#.#.#
#....#......##.#.#.#.#.#.
#....#.######.#.#.#.#.#.#
#....#,#....##.#.#.#.#.#.
#....*,*,*#...<.#.#(#.#)#
#....*,#.#####.#.#.#.#.#.
##.#.*,#......#.#.#.#.#.#
*,*,#.....#.#.#.#.#.#.#.


You could see an ogre and a friendly ufetubus.

Vanquished Creatures
  Harold (D:7)
  Pikel (D:5)
  Grinder (D:6)
  Sigmund (D:4)
  Eustachio (D:6)
  An ice beast (D:7)
  A sky beast (D:5)
  3 ogres
  A centaur (D:5)
  2 bullfrogs
  Blork the orc (D:5)
  A water moccasin zombie (D:5)
  4 scorpions
  A water moccasin skeleton (D:7)
  A howler monkey (D:4)
  3 orc priests
  3 hounds
  A jelly (D:4)
  7 orc wizards
  Ijyb (D:5)
  4 iguanas
  7 worker ants
  A hound skeleton (D:7)
  2 worker ant zombies
  5 adders
  8 gnolls
  A shadow imp (D:7)
  An ooze (D:7)
  2 adder skeletons
  An adder zombie (D:7)
  3 worms
  2 dart slugs
  4 leopard geckos
  20 orcs
  A ball python (D:2)
  6 giant cockroaches
  9 goblins
  3 hobgoblins
  17 jackals
  8 kobolds
  3 quokkas
  7 bats
  6 frilled lizards
  A quokka zombie (D:6)
  4 rats
162 creatures vanquished.

Vanquished Creatures (collateral kills)
  A hound (D:5)
  2 orc wizards
  A worker ant (D:5)
  An orc (D:4)
5 creatures vanquished.

Grand Total: 167 creatures vanquished

Notes
Turn   | Place    | Note
-------+----------+-------------------------------------------
     0 | D:1      | topirishpotato the Demonspawn Gladiator began the quest for the Orb.
     0 | D:1      | Reached XP level 1. HP: 16/16 MP: 1/1
   106 | D:1      | Gained mutation: You have sharp fingernails. [demonic ancestry]
   106 | D:1      | Reached XP level 2. HP: 11/22 MP: 2/2
   418 | D:1      | Reached skill level 3 in Staves
   532 | D:1      | Reached XP level 3. HP: 22/27 MP: 3/3
  1232 | D:2      | Reached skill level 1 in Armour
  1388 | D:2      | Found a shattered altar of Ashenzari.
  1520 | D:2      | Became a worshipper of Ashenzari the Shackled
  2148 | D:2      | Gained mutation: You are immune to rotting. [demonic ancestry]
  2148 | D:2      | Reached XP level 4. HP: 34/34 MP: 4/4
  2319 | D:2      | Found a snail-covered altar of Cheibriados.
  2321 | D:2      | Found a hide-covered altar of Uskayaw.
  2805 | D:3      | Found a glowing silver altar of Zin.
  3260 | D:4      | Reached XP level 5. HP: 16/39 MP: 5/5
  3470 | D:4      | Found a staircase to the Ecumenical Temple.
  3471 | D:4      | Noticed an ogre
  3474 | D:4      | Reached skill level 4 in Staves
  3481 | D:4      | Killed an ogre
  3481 | D:4      | Gained mutation: You may emit foul miasma when damaged in melee. [demonic ancestry]
  3481 | D:4      | Reached XP level 6. HP: 31/46 MP: 6/6
  3783 | D:4      | Noticed Sigmund
  3798 | D:4      | Killed Sigmund
  3798 | D:4      | Reached skill level 5 in Staves
  3920 | D:4      | Learned a level 1 spell: Magic Dart
  3959 | D:4      | Gained mutation: A weak demonic guardian rushes to your aid. [demonic ancestry]
  3959 | D:4      | Reached XP level 7. HP: 47/52 MP: 7/7
  4366 | D:4      | Reached skill level 1 in Conjurations
  4503 | D:4      | Reached skill level 1 in Spellcasting
  4565 | Temple   | Entered the Ecumenical Temple
  4583 | Temple   | Reached * piety under Ashenzari
  4706 | D:4      | Found a shadowy altar of Dithmenos.
  4822 | D:5      | Entered Level 5 of the Dungeon
  4853 | D:5      | Noticed Blork the orc
  4866 | D:5      | Killed Blork the orc
  4868 | D:5      | Reached XP level 8. HP: 19/59 MP: 8/10
  4907 | D:4      | Reached skill level 6 in Staves
  5249 | D:5      | Noticed Pikel
  5262 | D:5      | Killed Pikel
  5262 | D:5      | Reached skill level 5 in Armour
  5286 | D:5      | Found a bloodstained altar of Trog.
  5824 | D:5      | Noticed Ijyb
  5841 | D:5      | Killed Ijyb
  6007 | D:5      | Reached skill level 7 in Staves
  6387 | D:5      | Found a glowing golden altar of the Shining One.
  6471 | D:6      | Noticed Grinder
  6485 | D:6      | Killed Grinder
  6485 | D:6      | Reached XP level 9. HP: 58/66 MP: 13/13
  6492 | D:6      | Found an iron altar of Okawaru.
  6770 | D:6      | Found an opulent altar of Gozag.
  6817 | D:6      | Found an ornate altar of the Wu Jian Council.
  6818 | D:6      | Noticed Eustachio
  6827 | D:6      | Killed Eustachio
  7231 | D:7      | Found a sparkling altar of Nemelex Xobeh.
  7427 | D:7      | Noticed Harold
  7464 | D:7      | Killed Harold
  7464 | D:7      | Reached skill level 5 in Fighting
  7464 | D:7      | Reached skill level 8 in Staves
  7474 | D:7      | Slain by an ogre

Vault maps used:
D:1:      dpeg_arrival_more_subterranean_lakeside_camping, serial_glass,
          glass_columns_b, glass_columns_a, glass_columns_b, glass_columns_a,
          feat_on_display
D:2:      old_standard_altar, nicolae_overflow_hidden_temple, first_ration,
          kennysheep_generic_room_6
D:3:      cheibrodos_old_hovel, lemuel_crystal_altar
D:4:      kennysheep_six_static_rooms, grunt_dithmenos_smoke_and_mirrors,
          minmay_temple_entry_large_hall, uniq_sigmund
D:5:      tso_oasis_becter, basic_altar, uniq_blork_the_orc, uniq_ijyb,
          uniq_pikel
D:6:      overflow_temple_1_default, okawaru_trees_1, lemuel_doored_altar,
          uniq_grinder, uniq_eustachio
D:7:      overflow_temple_1_default, grunt_ministairs_5, uniq_harold
Temple:   cyrus_temple_forest

Skill      XL: |  1  2  3  4  5  6  7  8  9 |
---------------+----------------------------+-----
Dodging        | 3 |  3.5
Staves         | 3 4 5 7 8 |  8.3
Armour         | 1 2 3 4 5 6 |  6.5
Fighting       | 3 4 5 |  5.2
Conjurations   | 1 3 4 |  4.5
Spellcasting   | 1 3 4 |  4.0
Throwing       | |  1.8
Stealth        | |  0.6

Action                   |  1- 3 |  4- 6 |  7- 9 || total
-------------------------+-------+-------+-------++-------
Melee: Quarterstaff      |   185 |   126 |   387 ||   698
Throw: Throwing net      |       |     1 |       ||     1
 Cast: Magic Dart        |       |       |     2 ||     2
Invok: Curse Item        |     2 |       |     1 ||     3
  Use: Scroll            |     5 |     5 |     7 ||    17
       Potion            |       |       |     2 ||     2
 Stab: Distracted        |       |       |     1 ||     1
       Sleeping          |       |       |     2 ||     2
  Eat: Chunk             |     2 |     5 |    12 ||    19
       Ration            |     1 |       |       ||     1
Armor: Leather armour    |    16 |       |       ||    16
       Ring mail         |    78 |    43 |   148 ||   269
Dodge: Dodged            |   126 |    81 |   228 ||   435

Table legend:
 A = Spawn XP
 B = Non-spawn XP
 C = Spawn XP percentage of total XP
 D = Spawn monster count
 E = Non-spawn monster count
 F = Spawn count percentage of total count
 G = Total turns spent on level
                    A         B        C        D         E        F      G
               +---------+---------+-------+---------+---------+-------+---------
         Total |       0 |    5222 |   0.0 |       0 |     167 |   0.0 |  7474
               +---------+---------+-------+---------+---------+-------+---------
           D:1 |       0 |      53 |   0.0 |       0 |      28 |   0.0 |  1173
           D:2 |       0 |      47 |   0.0 |       0 |      18 |   0.0 |  1253
           D:3 |       0 |      56 |   0.0 |       0 |      15 |   0.0 |   820
           D:4 |       0 |    1124 |   0.0 |       0 |      42 |   0.0 |  1773
           D:5 |       0 |    1468 |   0.0 |       0 |      28 |   0.0 |  1367
           D:6 |       0 |     755 |   0.0 |       0 |       9 |   0.0 |   440
           D:7 |       0 |    1719 |   0.0 |       0 |      27 |   0.0 |   563
               +---------+---------+-------+---------+---------+-------+---------
